 Dungeon Crawl Stone Soup version 0.19.5 (webtiles) character file.

29 Gargoyl the Skirmisher (level 3, 0/33 HPs)
             Began as a Ghoul Abyssal Knight on Mar 20, 2017.
             Was a Follower of Lugonu.
             Slain by a gnoll
             ... wielding a +0 whip of electrocution
              (17 damage)
             ... on level 1 of the Dungeon.
             The game lasted 00:02:01 (523 turns).

Gargoyl the Skirmisher (Ghoul Abyssal Knight)        Turns: 523, Time: 00:02:02

Health: 0/33       AC:  8    Str: 15    XL:     3   Next: 16%
Magic:  3/3        EV:  4    Int:  7    God:    Lugonu [*.....]
Gold:   75         SH:  0    Dex:  9    Spells: 0 memorised, 2 levels left

rFire  . . .     SeeInvis .     a - +1 hand axe
rCold  + . .     Gourm    .     b - -2 plate armour (curse)
rNeg   + + +     Faith    .     (no shield)
rPois  ∞         Spirit   .     (no helmet)
rElec  .         Reflect  .     (no cloak)
rCorr  .         Harm     .     (no gloves)
MR     .....                    (no boots)
Stlth  ..........               (no amulet)
                                (no ring)
                                (no ring)

@: rotting
A: rotting body, claws 1, carnivore 3, cold resistance 1, negative energy
resistance 3, slow regeneration 1, torment resistance, unbreathing
a: Depart the Abyss, Renounce Religion


You were on level 1 of the Dungeon.
You worshipped Lugonu.
Lugonu was aware of your devotion.
You were not hungry.

You visited 1 branch of the dungeon, and saw 1 of its levels.
You visited the Abyss 1 time.

You collected 75 gold pieces.

Inventory:

Hand Weapons
 a - a +1 hand axe (weapon)
Armour
 b - a cursed -2 plate armour (worn)
 d - a +0 chain mail
Potions
 g - a potion of curing {unknown}
Comestibles
 c - a meat ration
 f - 5 chunks of flesh


   Skills:
 + Level 3.9 Fighting
 + Level 1.8 Axes
 * Level 2.1 Armour
 + Level 0.8 Dodging
 * Level 1.0 Stealth
 * Level 2.3 Invocations


You had 2 spell levels left.
You didn't know any spells.

Dungeon Overview and Level Annotations

Branches:
Dungeon (1/15)

Altars:


Innate Abilities, Weirdness & Mutations

Your body is rotting away.
You thrive on raw meat.
You are immune to poison.
You have sharp fingernails.
You are carnivorous and can eat meat at any time.
Your flesh is cold resistant. (rC+)
You are immune to negative energy. (rN+++)
You regenerate slowly when monsters are visible.
You are immune to unholy pain and torment.
You can survive without breathing.


Message History

The leopard gecko is moderately wounded.
The leopard gecko bites you.
A rat comes into view.
You barely miss the leopard gecko.
The leopard gecko is moderately wounded.
The leopard gecko bites you. The leopard gecko barely misses you.
You miss the leopard gecko.
The leopard gecko is moderately wounded.
The leopard gecko bites you but does no damage.
You hit the leopard gecko.
You kill the leopard gecko!
Lugonu accepts your kill.
Your Stealth skill increases to level 1!
The gnoll barely misses you.
You slash the gnoll!
The gnoll is heavily wounded.
The gnoll hits you with a whip of electrocution.
You are electrocuted!
Ouch! That really hurt!
You die...

##+######
.....rg@#
....###.#
. #.# #.#
#.#
#.#####
#.....#
#..##.#
#..##.#


You could see a gnoll and a rat.

Vanquished Creatures
  An ooze (D:1)
  A leopard gecko (D:1)
  3 bats (D:1)
  A giant cockroach (D:1)
  3 hobgoblins (D:1)
  7 jackals (D:1)
  A frilled lizard (D:1)
  2 kobolds (D:1)
  A rat (D:1)
20 creatures vanquished.

Notes
Turn   | Place    | Note
-------+----------+-------------------------------------------
     0 | Abyss:1  | Gargoyl the Ghoul Abyssal Knight began the quest for the Orb.
     0 | Abyss:1  | Reached XP level 1. HP: 19/19 MP: 1/1
    36 | Abyss:2  | Noticed a small abomination
    38 | Abyss:2  | Noticed an orange demon
    82 | Abyss:2  | Noticed a cacodemon
    83 | Abyss:2  | Noticed a large abomination
    87 | Abyss:2  | Noticed a large abomination
    88 | D:1      | Escaped the Abyss
   158 | D:1      | Reached XP level 2. HP: 27/27 MP: 2/2
   189 | D:1      | Reached * piety under Lugonu
   408 | D:1      | Reached XP level 3. HP: 32/33 MP: 3/3
   522 | D:1      | Reached skill level 1 in Stealth
   523 | D:1      | Slain by a gnoll

Skill      XL: |  1  2  3 |
---------------+----------+-----
Armour         | 2 |  2.1
Stealth        | 1 |  1.0
Fighting       | |  3.9
Axes           | |  1.8
Dodging        | |  0.8
Invocations    | |  2.3

Action                   || total
-------------------------++-------
Melee: Hand axe          ||   113
Invok: Depart the Abyss  ||     1
  Use: Scroll            ||     2
  Eat: Chunk             ||     7
Armor: Chain mail        ||    84
       Plate armour      ||    14
Dodge: Dodged            ||    51
